 Dungeon Crawl Stone Soup version 0.24.1-14-gf8d2b509d9 (webtiles) character file.

Game seed: 10273766234833216844, levelgen mode: deterministic

45938 Blejac999 the Carver (level 14, -4/127 HPs)
             Began as a Minotaur Fighter on May 30, 2020.
             Was the Champion of Okawaru.
             Slain by a seven-headed hydra (9 damage)
             ... on level 6 of the Lair of Beasts.
             The game lasted 00:47:58 (21375 turns).

Blejac999 the Carver (Minotaur Fighter)            Turns: 21375, Time: 00:47:59

Health: -4/127     AC: 10    Str: 31    XL:     14   Next: 3%
Magic:  15/15      EV: 14    Int:  8    God:    Okawaru [******]
Gold:   1032       SH: 15    Dex: 12    Spells: 11/13 levels left

rFire    . . .     SeeInvis +   b - +4 flail (crush)
rCold    . . .     Gourm    .   c - +0 shield
rNeg     . . .     Faith    .   H - +1 ring mail of Nefimou {MR+ Dex+3}
rPois    +         Spirit   .   (helmet restricted)
rElec    .         Reflect  .   (no cloak)
rCorr    .         Harm     .   F - +0 pair of gloves of Liberalism {Int+3 Slay+2 SInv}
MR       ++...                  (no boots)
Stlth    +.........             x - amulet of magic regeneration
HPRegen  0.31/turn              L - ring of poison resistance
MPRegen  0.39/turn              A - +4 ring of strength

@: about to teleport
A: retaliatory headbutt, horns 2
a: Heroism, Finesse, Renounce Religion


You were on level 6 of the Lair of Beasts.
You worshipped Okawaru.
Okawaru was exalted by your worship.
You were not hungry.

You visited 2 branches of the dungeon, and saw 19 of its levels.

You collected 1272 gold pieces.
You spent 240 gold pieces at shops.

Inventory:

Hand Weapons
 a - a +5 long sword
 b - a +4 flail of crushing (weapon)
Armour
 c - a +0 shield (worn)
 F - the +0 pair of gloves of Liberalism (worn) {Int+3 Slay+2 SInv}
   (Okawaru gifted it to you on level 12 of the Dungeon)

   It affects your intelligence (+3).
   It affects your accuracy and damage with ranged weapons and melee attacks
   (+2).
   It lets you see invisible.
 H - the +1 ring mail of Nefimou (worn) {MR+ Dex+3}
   (You found it on level 3 of the Lair of Beasts)

   It affects your dexterity (+3).
   It affects your resistance to hostile enchantments.
Jewellery
 h - an uncursed ring of protection from cold
 x - an amulet of magic regeneration (around neck)
 A - a +4 ring of strength (right hand)
 C - an uncursed ring of stealth
 K - an uncursed ring of flight
 L - a ring of poison resistance (left hand)
 P - an uncursed ring of protection from cold
Wands
 e - a wand of iceblast (7)
 n - a wand of flame (63)
 D - a wand of random effects (43)
 N - a wand of acid (10)
 O - a wand of enslavement (14)
Scrolls
 g - 11 scrolls of identify
 i - 4 scrolls of enchant armour
 k - 6 scrolls of magic mapping
 r - a scroll of silence
 s - 10 scrolls of remove curse
 v - 3 scrolls of teleportation
 w - a scroll of amnesia
 E - 2 scrolls of fog
 Q - a scroll of enchant weapon
Potions
 d - 4 potions of might
 l - 3 potions of haste
 m - 2 potions of agility
 o - 2 potions of flight
 p - a potion of magic
 t - 14 potions of curing
 u - 5 potions of lignification
 z - 2 potions of resistance
 B - a potion of cancellation
 G - 2 potions of brilliance
 I - a potion of invisibility
 M - 2 potions of berserk rage
Miscellaneous
 q - a box of beasts
 J - a phial of floods
Comestibles
 f - 29 rations
 j - 6 chunks of flesh


   Skills:
 + Level 12.4 Fighting
 + Level 14.9 Long Blades
 + Level 4.7 Maces & Flails
 + Level 1.5 Throwing
 + Level 13.6 Armour
 + Level 5.3 Dodging
 + Level 1.8 Stealth
 + Level 14.4 Shields
 + Level 1.2 Invocations
 + Level 2.7 Evocations


You had 11 spell levels left.
You knew the following spells:

 Your Spells              Type           Power        Failure   Level  Hunger
a - Confusing Touch       Hex            #.....       52%         1    ##.....
b - Corona                Hex            #......      52%         1    ##.....

Your spell library contained the following spells:

 Spells                   Type           Power        Failure   Level  Hunger
 Beastly Appendage        Tmut           #.....       52%         1    ##.....
 Sandblast                Erth           #.....       52%         1    ##.....
 Ensorcelled Hibernation  Hex/Ice        #.....       65%         2    ###....
 Passwall                 Tmut/Erth      #.......     65%         2    ###....
 Sticks to Snakes         Tmut           #.......     65%         2    ###....
 Confuse                  Hex            #.......     87%         3    ####...
 Dazzling Spray           Conj/Hex       #.....       87%         3    ####...
 Gell's Gravitas          Tloc           #.........   87%         3    ####...
 Spider Form              Tmut/Pois      #.........   87%         3    ####...
 Stone Arrow              Conj/Erth      #.....       87%         3    ####...
 Tukima's Dance           Hex            #.......     87%         3    ####...
 Ice Form                 Ice/Tmut       #.......     99%         4    #####..
 Petrify                  Tmut/Erth      #.......     99%         4    #####..
 Blade Hands              Tmut           #.........   100%        5    ######.
 Lee's Rapid Deconstruct  Erth           #.........   100%        5    ######.
 Metabolic Englaciation   Hex/Ice        #.........   100%        5    ######.
 Yara's Violent Unravell  Hex/Tmut       #.........   100%        5    ######.


Dungeon Overview and Level Annotations

Branches:
Dungeon (13/15)            Temple (0/1) D:4            Lair (6/6) D:11
 Shoals (0/4) Lair:2       Spider (0/4) Lair:3        Slime (0/5) Lair:5
    Orc (0/2) D:9
 Vaults: D:13-14

Altars:
Fedhas
Kikubaaqudgha
Okawaru
Ru
Sif Muna
Trog
Uskayaw
Vehumet
Xom
The Shining One
Jiyva

Shops:
D:9 *

Portals:
Trove: D:12 (give 7 potions of haste)

Annotations:
D:6 2 runed translucent doors, kikerikii's ghost, novice HaHu
Lair:1 exclusion: oklob plant


Innate Abilities, Weirdness & Mutations

You reflexively headbutt those who attack you in melee.
You have a pair of horns on your head.


Message History

The seven-headed hydra bites you but does no damage.
The seven-headed hydra bites you.
* * * LOW HITPOINT WARNING * * *
As you read the scroll of teleportation, it crumbles to dust.
You feel strangely unstable.
You block the seven-headed hydra's attack. x2
The seven-headed hydra bites you but does no damage.
The seven-headed hydra misses you.
The seven-headed hydra bites you but does no damage.
The seven-headed hydra barely misses you.
The seven-headed hydra closely misses you.
The seven-headed hydra bites you.
* * * LOW HITPOINT WARNING * * *
You block the seven-headed hydra's attack. x2
The seven-headed hydra completely misses you.
The seven-headed hydra bites you but does no damage.
The seven-headed hydra bites you.
* * * LOW HITPOINT WARNING * * *
The seven-headed hydra bites you!
You die...

....♣
♣.♣♣
....♣♣
..♣
.....♣
♣♣.♣
.....♣
♣..♣
.#♣..♣
♣..♣ #♣
♣..♣
♣♣.♣♣
♣.♣
♣).♣ .♣
♣D)♣ .
♣♣@.♣
♣♣...♣
♣....♣♣
♣.....♣
♣..♣♣♣
♣....[♣
......
♣...[8♣
.....
♣....?♣
♣
♣♣...♣
♣.....♣
♣♣♣...♣
♣♣..♣♣♣


You could see a seven-headed hydra.

Vanquished Creatures
  Fannar (D:10)
  6 hydras
  A vault guard (D:12)
  6 death yaks
  A necromancer (D:10)
  An elephant (Lair:1)
  6 black mambas
  2 centaur skeletons (D:11)
  2 gargoyles
  Psyche (D:11)
  4 spiny frogs
  A demonic crawler (Lair:3)
  A kobold demonologist (D:12)
  8 komodo dragons
  A troll (D:12)
  2 polar bears (Lair:6)
  4 merfolk (Lair:2)
  4 hornets (Lair:6)
  Grinder (D:6)
  6 blink frogs (Lair:6)
  3 slime creatures (D:12)
  6 hippogriffs
  A wraith (D:11)
  10 spriggans (Lair:6)
  41 yaks
  A shadow (D:12)
  Sigmund (D:5)
  Grum (D:10)
  2 basilisks
  2 hungry ghosts
  3 wyverns
  A steam dragon (D:7)
  Menkaure (D:5)
  2 wargs (D:8)
  Edmund (D:6)
  An acid dragon (D:11)
  5 porcupines
  7 water moccasins
  5 orc warriors
  2 phantoms
  2 boggarts (Lair:6)
  3 ice beasts
  5 sky beasts
  4 black bears
  19 wolves
  3 ogres
  11 centaurs
  16 crocodiles
  Blork the orc (D:4)
  3 big kobolds
  15 bullfrogs
  A gnoll sergeant (D:9)
  A wyvern zombie (D:7)
  3 scorpions
  A water moccasin skeleton (D:4)
  12 killer bees
  7 wights
  2 howler monkeys
  11 crimson imps
  2 bullfrog zombies
  A centaur zombie (D:5)
  8 hounds
  15 orc wizards
  A bullfrog skeleton (D:10)
  3 jellies
  9 orc priests
  Jessica (D:2)
  3 iguanas
  Ijyb (D:5)
  Terence (D:2)
  Natasha (twice) (D:2 D:1)
  A hell rat (Lair:1)
  10 worker ants
  A yak simulacrum (D:10)
  6 polar bear simulacra (D:10)
  A wolf simulacrum (D:10)
  A hound skeleton (D:10)
  5 gnolls
  A howler monkey skeleton (D:6)
  12 adders
  An adder zombie (D:9)
  5 adder skeletons
  4 worms (Lair:3)
  A dart slug (D:1)
  4 leopard geckos
  47 orcs
  12 giant cockroaches
  5 goblins
  10 hobgoblins
  6 jackals
  4 quokkas
  2 ball pythons
  A ball python skeleton (D:4)
  12 bats
  4 frilled lizards
  29 kobolds
  6 rats
  3 river rat simulacra (D:10)
  2 plants
518 creatures vanquished.

Vanquished Creatures (collateral kills)
  Harold (D:11)
  2 catoblepae
  A hippogriff (D:12)
  A yak (D:12)
  A wyvern (D:12)
  A bullfrog (Lair:3)
  An orc priest (D:11)
8 creatures vanquished.

Vanquished Creatures (others)
  2 jackals (D:7)
  2 fungi
  9 plants
13 creatures vanquished.

Grand Total: 539 creatures vanquished

Notes
Turn   | Place    | Note
-------+----------+-------------------------------------------
     0 | D:1      | Blejac999 the Minotaur Fighter began the quest for the Orb.
     0 | D:1      | Reached XP level 1. HP: 19/19 MP: 0/0
   212 | D:1      | Reached XP level 2. HP: 13/27 MP: 1/1
   616 | D:1      | Reached XP level 3. HP: 29/33 MP: 2/2
  1114 | D:2      | Reached XP level 4. HP: 37/40 MP: 3/3
  1123 | D:2      | Noticed Natasha
  1134 | D:2      | Killed Natasha
  1251 | D:2      | Noticed Terence
  1263 | D:2      | Noticed Natasha
  1276 | D:1      | Killed Natasha
  1447 | D:2      | Found an iron altar of Okawaru.
  1488 | D:2      | Killed Terence
  1488 | D:2      | Reached skill level 5 in Shields
  1488 | D:2      | Reached XP level 5. HP: 46/46 MP: 4/4
  1640 | D:2      | Noticed Jessica
  1646 | D:2      | Killed Jessica
  1646 | D:2      | Reached skill level 1 in Dodging
  1935 | D:2      | Became a worshipper of Warmaster Okawaru
  2199 | D:3      | Found a sacrificial altar of Ru.
  2259 | D:3      | Found a shimmering altar of Xom.
  2330 | D:3      | Reached XP level 6. HP: 53/53 MP: 5/5
  2611 | D:3      | Reached skill level 5 in Long Blades
  2783 | D:4      | Noticed Blork the orc
  2798 | D:4      | Killed Blork the orc
  2798 | D:4      | Reached skill level 5 in Armour
  3040 | D:4      | Reached * piety under Okawaru
  3046 | D:4      | Reached XP level 7. HP: 60/60 MP: 6/6
  3455 | D:4      | Reached skill level 1 in Evocations
  3459 | D:4      | Found a staircase to the Ecumenical Temple.
  3530 | D:4      | Found a bloodstained altar of Trog.
  3646 | D:5      | Entered Level 5 of the Dungeon
  3676 | D:5      | Reached skill level 5 in Fighting
  3710 | D:5      | Found an ancient bone altar of Kikubaaqudgha.
  3725 | D:5      | Noticed Ijyb
  3725 | D:5      | Noticed Sigmund
  3740 | D:5      | Paralysed by Ijyb for 2 turns
  3748 | D:5      | Killed Ijyb
  3748 | D:5      | Noticed Menkaure
  4375 | D:4      | Reached XP level 8. HP: 38/69 MP: 7/7
  4579 | D:6      | Noticed Grinder
  4598 | D:6      | Killed Grinder
  4613 | D:6      | Reached ** piety under Okawaru
  4860 | D:6      | Identified a scroll of acquirement
  4912 | D:6      | Found a hide-covered altar of Uskayaw.
  4973 | D:6      | Found a shimmering blue altar of Sif Muna.
  5270 | D:6      | Noticed Edmund
  5277 | D:6      | Reached XP level 9. HP: 74/78 MP: 8/8
  5295 | D:6      | Killed Edmund
  5333 | D:6      | Found a large runed translucent door.
  5334 | D:6      | Found a large runed translucent door.
  5338 | D:6      | Noticed kikerikii's ghost (novice HaHu)
  5526 | D:5      | Killed Sigmund
  5526 | D:5      | Reached *** piety under Okawaru
  5558 | D:5      | Killed Menkaure
  5773 | D:7      | Found a blossoming altar of Fedhas.
  6105 | D:7      | Reached skill level 10 in Long Blades
  6463 | D:6      | Reached **** piety under Okawaru
  6966 | D:8      | Reached XP level 10. HP: 80/86 MP: 9/9
  7800 | D:8      | Reached ***** piety under Okawaru
  8446 | D:9      | Found a staircase to the Orcish Mines.
  8513 | D:9      | Found Vaidofeg's General Store.
  8529 | D:9      | Bought a scroll of silence for 120 gold pieces
  8529 | D:9      | Bought a potion of might for 64 gold pieces
  8529 | D:9      | Bought a scroll of fear for 56 gold pieces
  8586 | D:9      | Found a radiant altar of Vehumet.
  8824 | D:10     | Entered Level 10 of the Dungeon
  8834 | D:10     | Reached skill level 10 in Shields
  8870 | D:10     | Noticed Fannar
  8886 | D:10     | Killed Fannar
  8886 | D:10     | Received a gift from Okawaru
  8887 | D:10     | Got a jewelled ring mail {god gift}
  8900 | D:10     | Identified the +0 ring mail of Divine Intervention {rCorr}
                  | (Okawaru gifted it to you on level 10 of the Dungeon)
  9006 | D:10     | Reached skill level 10 in Armour
  9360 | D:10     | Noticed a necromancer
  9373 | D:10     | Killed a necromancer
  9387 | D:10     | Reached XP level 11. HP: 43/95 MP: 10/10
  9396 | D:10     | Noticed Grum
  9400 | D:10     | Killed Grum
 10576 | D:11     | Found a staircase to the Lair.
 10735 | D:11     | Noticed Harold
 10754 | D:11     | Noticed Psyche
 10756 | D:11     | Killed Harold
 10759 | D:11     | Killed Psyche
 11136 | D:11     | Found a glowing golden altar of the Shining One.
 11748 | D:12     | Received a gift from Okawaru
 11756 | D:12     | Got a pair of jewelled gloves {god gift}
 11762 | D:12     | Identified the +0 pair of gloves of Liberalism {Int+3
                  | Slay+2 SInv} (Okawaru gifted it to you on level 12 of the
                  | Dungeon)
 12401 | D:12     | Reached skill level 10 in Fighting
 12507 | D:12     | Noticed a vault guard
 12516 | D:12     | Killed a vault guard
 12516 | D:12     | Reached XP level 12. HP: 98/106 MP: 12/12
 12520 | D:12     | Found a portal to a secret trove of treasure.
 12978 | Lair:1   | Entered Level 1 of the Lair of Beasts
 13685 | Lair:1   | Reached ****** piety under Okawaru
 13768 | Lair:1   | Noticed a seven-headed hydra
 13780 | Lair:1   | Killed a seven-headed hydra
 14487 | Lair:2   | Reached skill level 1 in Maces & Flails
 14487 | Lair:2   | Noticed a four-headed hydra
 14497 | Lair:2   | Killed a four-headed hydra
 14497 | Lair:2   | Reached skill level 1 in Stealth
 14920 | Lair:2   | Found a staircase to the Shoals.
 14947 | Lair:2   | Received a gift from Okawaru
 14947 | Lair:2   | Reached skill level 1 in Invocations
 16019 | Lair:3   | Noticed a catoblepas
 16028 | Lair:3   | Killed a catoblepas
 16028 | Lair:3   | Reached XP level 13. HP: 113/116 MP: 13/13
 16284 | Lair:3   | Found a hole to the Spider Nest.
 16836 | Lair:3   | Got a faintly humming ring mail
 16847 | Lair:3   | Identified the +1 ring mail of Nefimou {MR+ Dex+3} (You
                  | found it on level 3 of the Lair of Beasts)
 17109 | Lair:4   | Learned a level 1 spell: Confusing Touch
 17111 | Lair:4   | Learned a level 1 spell: Corona
 17122 | Lair:4   | You fall into a shaft and drop 2 floors!
 17122 | Lair:6   | Entered Level 6 of the Lair of Beasts
 18897 | Lair:5   | Found a viscous altar of Jiyva.
 18898 | Lair:5   | Found a staircase to the Slime Pits.
 19185 | Lair:5   | Received a gift from Okawaru
 19240 | Lair:4   | Reached skill level 1 in Throwing
 19362 | Lair:4   | Received a gift from Okawaru
 20476 | Lair:6   | Received a gift from Okawaru
 20476 | Lair:6   | Reached skill level 5 in Dodging
 21184 | Lair:6   | Paralysed by a hornet for 3 turns
 21358 | Lair:6   | Reached XP level 14. HP: 119/127 MP: 15/15
 21375 | Lair:6   | HP: 5/127 [seven-headed hydra (6)]
 21375 | Lair:6   | Slain by a seven-headed hydra

Levels and vault maps discovered:
D:1:      mrwooster_arrival_statue, layout_loops_corners, minmay_tall_x
D:2:      layout_rooms, first_ration, chequers_serial_rivers_micro_a,
          okawaru_gym_becter, uniq_natasha, uniq_jessica, uniq_terence
D:3:      layout_loops_cross, nicolae_ru_path_of_blood, led_xom_imps,
          serial_rivers, chequers_serial_rivers_small_a,
          chequers_serial_rivers_micro_a, chequers_serial_rivers_micro_a,
          chequers_serial_rivers_marsh, chequers_serial_rivers_micro_c
D:4:      layout_basic, lemuel_coloured_pillars_altar, temple_hall,
          kennysheep_generic_room_10, uniq_blork_the_orc
D:5:      layout_cave_pools, nicolae_overflow_crystal_walls, uniq_menkaure,
          uniq_ijyb, uniq_sigmund
D:6:      kennysheep_orc_sif_temple, layout_rooms, basic_altar,
          ebering_ghost_disaster_area, mrwooster_statue_mirror,
          kennysheep_generic_room_12, uniq_edmund, uniq_grinder
D:7:      layout_basic, fedhas_altar_2
D:8:      layout_loops_ring, grunt_pizzeria
D:9:      layout_basic, vehumet_crystals, erik_orc_4, serial_shops, shop_statue
D:10:     layout_long_grid, eino_house_with_fridge, uniq_fannar, uniq_grum
D:11:     layout_loops_cross, grunt_lair_entry_orc_guard_hut, basic_altar,
          uniq_psyche, uniq_harold
D:12:     layout_roguey, enter_trove_5, minmay_misc_feat_tiny
D:13:     layout_grid_maze
Lair:1:   layout_loops_ring, minmay_shattered_shrine
Lair:2:   layout_regular_city, elwin_shoals_entry_stream, grunt_megastairs_4
Lair:3:   layout_gridlike, nicolae_spider_entry_non_spiders, lemuel_fruit_tree
Lair:4:   layout_gridlike, wad_woods_road_03
Lair:5:   layout_cave_pods, slime_altar_1
Lair:6:   minmay_lair_end_enchanted_forest, layout_cave_pods, grunt_megastairs_2

Skill      XL: |  1  2  3  4  5  6  7  8  9 10 11 12 13 |
---------------+----------------------------------------+-----
Armour         | 4 5 6 7 8 10 11 12 13 | 13.6
Long Blades    | 3 4 5 7 8 10 11 13 14 | 14.9
Shields        | 4 5 6 7 9 10 11 13 14 | 14.4
Fighting       | 4 5 6 7 8 10 11 12 | 12.4
Dodging        | 1 2 3 5 |  5.3
Evocations     | 1 2 |  2.7
Maces & Flails | 2 4 |  4.7
Stealth        | 1 |  1.8
Invocations    | 1 |  1.2
Throwing       | 1 |  1.5

Action                   |  1- 3 |  4- 6 |  7- 9 | 10-12 | 13-15 || total
-------------------------+-------+-------+-------+-------+-------++-------
Melee: Long sword        |    78 |   130 |   355 |   816 |   351 ||  1730
       Headbutt          |    11 |    20 |    68 |   199 |   121 ||   419
       Flail             |       |       |       |    11 |    28 ||    39
Throw: Throwing net      |       |       |       |     3 |     1 ||     4
       Javelin           |       |       |       |       |     4 ||     4
Invok: Heroism           |       |       |     5 |     3 |     1 ||     9
Evoke: Wand              |       |    10 |     5 |     8 |     4 ||    27
       Box of beasts     |       |       |       |     2 |     1 ||     3
       Phial of floods   |       |       |       |     2 |       ||     2
  Use: Potion            |     3 |     3 |     3 |     3 |     1 ||    13
       Scroll            |       |     9 |     2 |     9 |     3 ||    23
 Stab: Held in net/web   |       |       |       |     2 |     1 ||     3
  Eat: Chunk             |     1 |     6 |     9 |    30 |    13 ||    59
       Ration            |       |       |     1 |     2 |     1 ||     4
Armor: Scale mail        |    44 |    34 |       |       |       ||    78
       Plate armour      |       |    34 |   223 |   306 |    18 ||   581
       Ring mail         |       |       |       |       |    72 ||    72
Dodge: Dodged            |    34 |    37 |   100 |   212 |   147 ||   530
Block: Shield            |    38 |    77 |   231 |   463 |   253 ||  1062
       Rpst.: Long sword |     9 |    10 |    27 |    58 |    26 ||   130
